Rangers vs Stars

Created - January 18, 2018 at 20:00

Goals
1 2 3 OT1 SO T
Rangers 0 1 1 0 0 2
Stars 1 0 1 0 2 3
Shots
1 2 3 OT1 SO T
Rangers 7 9 11 1 2 28
Stars 12 8 9 1 2 30

1st period

1. Stars , Michael Frolik 23 (John Tavares 31) at 15:42

Penalties :
Darren Reid (NYR) for Goalie Interference (Minor) at 3:07, Daniel Cleary (Dal) for Slashing (Minor) at 6:36, Brian Lee (Dal) for Tripping (Minor) at 10:05

2nd period

2. Rangers , Patrice Bergeron 16 (Milan Lucic 40, Cam Barker 17) at 14:31 (PP)

Penalties :
Trevor Daley (Dal) for Roughing (Minor) at 13:58, Shaone Morrisonn (Dal) for Hooking (Minor) at 15:42, Johnny Oduya (Dal) for Tripping (Minor) at 18:54

3rd period

3. Stars , Michael Frolik 24 (John Tavares 32) at 10:21 (PP)
4. Rangers , Nathan Gerbe 7 (Staffan Kronwall 7, Matt Read 10) at 17:20

Penalties :
Nathan Gerbe (NYR) for Slashing (Minor) at 5:38, James Neal (NYR) for Tripping (Minor) at 9:36, Michael Frolik (Dal) for Roughing (Minor) at 12:15, Trevor Daley (Dal) for Hooking (Minor) at 15:04

Overtime #1

No Goal

Penalties :
No Penalty

Shootout

Penalty Shot by Milan Lucic for Rangers - Stopped by Pascal Leclaire
Penalty Shot by John Tavares for Stars - Goal!
Penalty Shot by Patrice Bergeron for Rangers - Stopped by Pascal Leclaire
Penalty Shot by Radim Vrbata for Stars - Goal!

Penalties :
No Penalty

Goalie Stats

Henrik Lundqvist (NYR), 28 saves from 30 shots - (0.933), OTL, 16-9-2, 65:00 minutes
Pascal Leclaire (Dal), 26 saves from 28 shots - (0.929), W, 15-14-2, 65:00 minutes

Players Stats for Rangers

Player Name              G  A  P  +/- PIM S  H  SB GA TA FO     MP     PP MP  PK MP  
------------------------------------------------------------------------------------
Alexei Emelin            0  0  0   1  0   1  0  0  0  0  0/0    10:43   0:00   0:00 
Cam Barker               0  1  1  -1  0   0  2  2  1  0  0/0    32:00   7:18   3:08 
Darren Reid              0  0  0  -1  2   1  1  0  2  0  0/0    19:24   5:16   0:00 
Gustav Nyquist           0  0  0   0  0   0  0  0  0  0  0/0     0:00   0:00   0:00 
James Neal               0  0  0   0  2   4  4  1  1  0  1/2    21:20   7:11   1:07 
Mark Fistric             0  0  0  -1  0   2  0  6  0  2  0/0    32:00   7:18   3:08 
Matt Greene              0  0  0   0  0   2  1  0  2  1  0/0    22:48   5:09   1:35 
Matt Read                0  1  1   1  0   0  1  0  1  0  0/0    13:41   0:15   0:00 
Mike Cammalleri          0  0  0  -1  0   3  3  0  0  0  1/1    22:12   5:16   1:28 
Milan Lucic              0  1  1   0  0   2  0  0  1  0  3/6    27:53   6:56   2:39 
Nathan Gerbe             1  0  1   1  2   5  2  0  0  1  0/0    13:35   0:00   0:12 
Nick Foligno             0  0  0   0  0   0  1  0  0  0  0/0     5:07   0:00   0:00 
Patrice Bergeron         1  0  1   0  0   2  2  0  0  0  13/27  24:14   7:11   2:52 
Ryan Suter               0  0  0   0  0   0  1  0  0  0  0/0    22:53   5:09   1:35 
Sean Couturier           0  0  0   1  0   2  1  0  0  0  1/8    14:00   0:00   1:08 
Staffan Kronwall         0  1  1   1  0   1  0  1  0  0  0/0     9:36   0:00   0:00 
Tomas Hertl              0  0  0   0  0   0  0  0  0  0  0/2     4:58   0:00   0:00 
Valtteri Filppula        0  0  0  -1  0   3  1  0  2  1  8/13   18:50   5:16   0:00 

Players Stats for Stars

Player Name              G  A  P  +/- PIM S  H  SB GA TA FO     MP     PP MP  PK MP  
------------------------------------------------------------------------------------
Andrei Markov            0  0  0   0  0   0  4  4  0  1  0/0    22:05   1:24   5:51 
Brian Lee                0  0  0   0  2   1  1  2  1  2  0/0    27:22   3:19   5:32 
Daniel Cleary            0  0  0   0  2   1  3  0  0  1  0/0     8:06   0:00   0:00 
Dustin Penner            0  0  0   0  0   2  0  0  0  0  0/0    16:12   0:00   4:48 
Evgeny Artyukhin         0  0  0  -1  0   1  0  0  0  1  0/0    16:03   1:54   2:39 
John Tavares             0  2  2   1  0   7  1  1  0  0  11/23  17:22   2:49   0:24 
Johnny Oduya             0  0  0   0  2   1  4  4  0  2  0/0    22:31   3:19   0:39 
Jussi Jokinen            0  0  0  -1  0   3  4  0  1  1  0/0    15:53   2:49   0:18 
Michael Frolik           2  0  2   1  2   3  3  0  1  0  0/1    16:31   2:49   0:00 
Michal Handzus           0  0  0   0  0   3  2  0  0  0  10/16  18:06   0:00   6:59 
Radim Vrbata             0  0  0   0  0   0  1  0  2  0  0/0    11:43   0:00   0:00 
Raphael Diaz             0  0  0   0  0   0  0  1  0  0  0/0    19:25   0:00   4:44 
Rickard Wallin           0  0  0   0  0   0  1  0  0  1  2/5    11:35   0:00   3:29 
Ryan Getzlaf             0  0  0  -1  0   1  1  1  0  0  7/11   13:13   1:54   0:00 
Scott Hartnell           0  0  0   1  0   4  2  1  0  0  1/2    23:28   1:54   6:17 
Shaone Morrisonn         0  0  0  -1  2   0  2  2  0  1  0/0    20:43   0:00   5:49 
Shawn Matthias           0  0  0   0  0   1  1  0  0  0  0/0     8:02   0:00   0:00 
Trevor Daley             0  0  0   1  4   2  0  0  0  0  1/1    19:05   1:24   2:19 

3 Stars

1 - Michael Frolik (Dal)
2 - John Tavares (Dal)
3 - Patrice Bergeron (NYR)

Power Play

Rangers - 1 on 8 Attempt(s) - 12.50%
Stars - 1 on 3 Attempt(s) - 33.33%

Penalty Kill

Rangers - 2 on 3 Attempt(s) - 66.67% - Score 0 goal in Penalty Kill
Stars - 7 on 8 Attempt(s) - 87.50% - Score 0 goal in Penalty Kill

Team Stat

Rangers - Hits : 20 - Faceoff Wins : 27 - Blocked Shots : 10 - Penalty Minutes : 6
Stars - Hits : 30 - Faceoff Wins : 32 - Blocked Shots : 16 - Penalty Minutes : 14

Official

Referees : Furlatt Eric and Jackson Dave
Linesman : Brian Murphy and Mark Shewchyk

Game Notes

4:11 of 2nd period - Penalty Shot by Michael Frolik for Stars - Stopped by Henrik Lundqvist

Finance

Level 1 -- Attendance: 5343 (89.05%) -- Ticket Income $374,010
Level 2 -- Attendance: 3374 (67.48%) -- Ticket Income $202,440
Level 3 -- Attendance: 1295 (64.75%) -- Ticket Income $64,750
Level 4 -- Attendance: 1959 (48.98%) -- Ticket Income $78,360
Luxury Box -- Attendance: 929 (92.90%) -- Ticket Income $97,545
Game was played at the American Airlines Center.
Total Attendance: 12900 (71.67%)
Total Ticket Income: $817,105
Other Income: $122,566
Total Income: $939,671

Rangers

5 vs 5 Forward 
   Center                   Left Wing                Right Wing               Time % Phy DF OF 
 1 Patrice Bergeron         Milan Lucic              James Neal               40     1   2  2  
 2 Valtteri Filppula        Mike Cammalleri          Darren Reid              30     1   2  2  
 3 Sean Couturier           Nathan Gerbe             Matt Read                20     1   2  2  
 4 Tomas Hertl              Nick Foligno             Milan Lucic              10     1   2  2  

5 vs 5 Defense 
   Defense                  Defense                                           Time % Phy DF OF 
 1 Cam Barker               Mark Fistric                                      40     1   2  2  
 2 Matt Greene              Ryan Suter                                        30     1   2  2  
 3 Staffan Kronwall         Alexei Emelin                                     20     1   2  2  
 4 Mark Fistric             Cam Barker                                        10     1   2  2  

PowerPlay Forward 
   Center                   Left Wing                Right Wing               Time % Phy DF OF 
 1 Patrice Bergeron         Milan Lucic              James Neal               60     1   2  2  
 2 Valtteri Filppula        Mike Cammalleri          Darren Reid              40     1   2  2  

PowerPlay Defense
   Defense                  Defense                                           Time % Phy DF OF 
 1 Cam Barker               Mark Fistric                                      60     1   2  2  
 2 Matt Greene              Ryan Suter                                        40     1   2  2  

Penalty Kill 4 Players Forward 
   Center                   Wing                     Time % Phy DF OF 
 1 Milan Lucic              Patrice Bergeron         60     1   2  2  
 2 Mike Cammalleri          James Neal               40     1   2  2  

Penalty Kill 4 Players Defense
   Defense                  Defense                  Time % Phy DF OF 
 1 Cam Barker               Mark Fistric             60     1   2  2  
 2 Matt Greene              Ryan Suter               40     1   2  2  

Penalty Kill - 3 Players Forward 
   Forward                                           Time % Phy DF OF 
 1 Milan Lucic                                       60     1   2  2  
 2 Patrice Bergeron                                  40     1   2  2  

Penalty Kill - 3 Players Defense
   Defense                  Defense                  Time % Phy DF OF 
 1 Cam Barker               Mark Fistric             60     1   2  2  
 2 Matt Greene              Ryan Suter               40     1   2  2  

4 vs 4 Forward 
   Center                   Wing                     Time % Phy DF OF 
 1 Milan Lucic              Patrice Bergeron         60     1   2  2  
 2 Mike Cammalleri          James Neal               40     1   2  2  

4 vs 4 Defense
   Defense                  Defense                  Time % Phy DF OF 
 1 Cam Barker               Mark Fistric             60     1   2  2  
 2 Matt Greene              Ryan Suter               40     1   2  2  

Last Minutes Offensive
   Center                   Left Wing                Right Wing               Defense                  Defense                  
   Patrice Bergeron         Milan Lucic              James Neal               Cam Barker               Mark Fistric             

Last Minutes Defensive
   Center                   Left Wing                Right Wing               Defense                  Defense                  
   Patrice Bergeron         Milan Lucic              James Neal               Cam Barker               Mark Fistric             

Goaltenders
Starting : Henrik Lundqvist         
Backup : Braden Holtby            

Extra Forwards
Normal : Matt Read, Nathan Gerbe, Sean Couturier - PP : Matt Read, Nathan Gerbe - PK : Sean Couturier
Extra Defensemen
Normal : Mark Fistric, Alexei Emelin, Cam Barker - PP : Mark Fistric - PK : Alexei Emelin, Cam Barker
Penalty Shots
Milan Lucic, Patrice Bergeron, Mike Cammalleri, James Neal, Darren Reid

Scratches
Jakob Silfverberg (Strained Right Elbow Injury), Stephen Weiss (Sports Hernia Injury), Artem Anisimov (Dislocated Patella Injury)

Stars

5 vs 5 Forward 
   Center                   Left Wing                Right Wing               Time % Phy DF OF 
 1 John Tavares             Scott Hartnell           Michael Frolik           39     0   2  3  
 2 Ryan Getzlaf             Jussi Jokinen            Evgeny Artyukhin         27     0   2  3  
 3 Michal Handzus           Dustin Penner            Radim Vrbata             20     1   2  2  
 4 Rickard Wallin           Shawn Matthias           Daniel Cleary            14     1   2  2  

5 vs 5 Defense 
   Defense                  Defense                                           Time % Phy DF OF 
 1 Johnny Oduya             Brian Lee                                         40     1   2  2  
 2 Trevor Daley             Andrei Markov                                     30     1   2  2  
 3 Raphael Diaz             Shaone Morrisonn                                  30     1   2  2  
 4 Johnny Oduya             Brian Lee                                         0      1   2  2  

PowerPlay Forward 
   Center                   Left Wing                Right Wing               Time % Phy DF OF 
 1 John Tavares             Jussi Jokinen            Michael Frolik           60     0   1  4  
 2 Ryan Getzlaf             Scott Hartnell           Evgeny Artyukhin         40     0   1  4  

PowerPlay Defense
   Defense                  Defense                                           Time % Phy DF OF 
 1 Johnny Oduya             Brian Lee                                         60     0   2  3  
 2 Trevor Daley             Andrei Markov                                     40     0   2  3  

Penalty Kill 4 Players Forward 
   Center                   Wing                     Time % Phy DF OF 
 1 Michal Handzus           Scott Hartnell           60     1   3  1  
 2 Rickard Wallin           Dustin Penner            40     1   3  1  

Penalty Kill 4 Players Defense
   Defense                  Defense                  Time % Phy DF OF 
 1 Brian Lee                Shaone Morrisonn         60     0   3  2  
 2 Raphael Diaz             Andrei Markov            40     0   3  2  

Penalty Kill - 3 Players Forward 
   Forward                                           Time % Phy DF OF 
 1 Scott Hartnell                                    60     1   4  0  
 2 Michal Handzus                                    40     1   4  0  

Penalty Kill - 3 Players Defense
   Defense                  Defense                  Time % Phy DF OF 
 1 Johnny Oduya             Brian Lee                60     1   4  0  
 2 Trevor Daley             Andrei Markov            40     1   4  0  

4 vs 4 Forward 
   Center                   Wing                     Time % Phy DF OF 
 1 Trevor Daley             Scott Hartnell           60     1   2  2  
 2 Jussi Jokinen            Michael Frolik           40     1   2  2  

4 vs 4 Defense
   Defense                  Defense                  Time % Phy DF OF 
 1 Johnny Oduya             Brian Lee                60     1   2  2  
 2 Trevor Daley             Andrei Markov            40     1   2  2  

Last Minutes Offensive
   Center                   Left Wing                Right Wing               Defense                  Defense                  
   John Tavares             Scott Hartnell           Michael Frolik           Trevor Daley             Brian Lee                

Last Minutes Defensive
   Center                   Left Wing                Right Wing               Defense                  Defense                  
   Ryan Getzlaf             Scott Hartnell           Daniel Cleary            Johnny Oduya             Shaone Morrisonn         

Goaltenders
Starting : Pascal Leclaire          
Backup : Miika Kiprusoff          

Extra Forwards
Normal : Michal Handzus, Dustin Penner, Radim Vrbata - PP : Evgeny Artyukhin, Dustin Penner - PK : Evgeny Artyukhin
Extra Defensemen
Normal : Raphael Diaz, Shaone Morrisonn, Trevor Daley - PP : Raphael Diaz - PK : Shaone Morrisonn, Trevor Daley
Penalty Shots
John Tavares, Michael Frolik, Radim Vrbata, Michal Handzus, Evgeny Artyukhin

Scratches
Matt Cooke (Severed Right Wrist Tendon Injury)

% Time on Ice - Rangers

Lines # - Real PCT - Wanted PCT - Time Play
Normal Forward
1 - 29% - 40% - 12:30
2 - 32% - 30% - 13:38
3 - 27% - 20% - 11:44
4 - 12% - 10% - 4:58
Normal Defense
1 - 42% - 40% - 18:02
2 - 33% - 30% - 14:07
3 - 22% - 20% - 9:36
4 - 3% - 10% - 1:05
PP Forward
1 - 58% - 60% - 7:11
2 - 42% - 40% - 5:16
PP Defense
1 - 59% - 60% - 7:18
2 - 41% - 40% - 5:09
PK Forward
1 - 76% - 60% - 3:36
2 - 24% - 40% - 1:07
PK Defense
1 - 66% - 60% - 3:08
2 - 34% - 40% - 1:35
PK3 Forward
1 - 0% - 60%
2 - 0% - 40%
PK3 Defense
1 - 0% - 60%
2 - 0% - 40%
44 Forward
1 - 83% - 60% - 4:09
2 - 17% - 40% - 0:51
44 Defense
1 - 63% - 60% - 3:09
2 - 37% - 40% - 1:51
Last Minute Offensive  - 0:00
Last Minute Defensive  - 0:00
Total
Forward - 65:00
Defense - 65:00

% Time on Ice - Stars

Lines # - Real PCT - Wanted PCT - Time Play
Normal Forward
1 - 32% - 39% - 13:40
2 - 27% - 27% - 11:23
3 - 23% - 20% - 9:45
4 - 19% - 14% - 8:02
Normal Defense
1 - 42% - 40% - 17:55
2 - 29% - 30% - 12:14
3 - 30% - 30% - 12:41
4 - 0% - 0% - 0:00
PP Forward
1 - 60% - 60% - 2:49
2 - 40% - 40% - 1:54
PP Defense
1 - 70% - 60% - 3:19
2 - 30% - 40% - 1:24
PK Forward
1 - 72% - 60% - 8:58
2 - 28% - 40% - 3:29
PK Defense
1 - 61% - 60% - 7:33
2 - 39% - 40% - 4:54
PK3 Forward
1 - 0% - 60%
2 - 0% - 40%
PK3 Defense
1 - 0% - 60%
2 - 0% - 40%
44 Forward
1 - 77% - 60% - 3:51
2 - 23% - 40% - 1:09
44 Defense
1 - 56% - 60% - 2:48
2 - 44% - 40% - 2:12
Last Minute Offensive  - 0:00
Last Minute Defensive  - 0:00
Total
Forward - 65:00
Defense - 65:00

Play by Play

1st period


0:01 of 1st period - John Tavares wins face-off versus Patrice Bergeron in neutral zone.
0:26 of 1st period - Ryan Getzlaf is hit by Mike Cammalleri and loses puck.
0:53 of 1st period - Snap shot by Nathan Gerbe.
0:53 of 1st period - Shot Misses the Net.
0:57 of 1st period - Snap shot by Nathan Gerbe.
0:57 of 1st period - Stopped by Pascal Leclaire with a rebound.
1:09 of 1st period - Staffan Kronwall is hit by Brian Lee.
1:31 of 1st period - Wrist shot by Shawn Matthias.
1:31 of 1st period - Stopped by Henrik Lundqvist without a rebound.
1:32 of 1st period - Rickard Wallin wins face-off versus Patrice Bergeron in Rangers zone.
2:10 of 1st period - Wrist shot by Scott Hartnell.
2:10 of 1st period - Shot Misses the Net.
2:22 of 1st period - Snap shot by Mike Cammalleri.
2:22 of 1st period - Stopped by Pascal Leclaire without a rebound.
2:23 of 1st period - Valtteri Filppula wins face-off versus Michal Handzus in Stars zone.
2:34 of 1st period - Snap shot by Mike Cammalleri.
2:34 of 1st period - Stopped by Pascal Leclaire with a rebound.
2:48 of 1st period - Slapshot by Raphael Diaz.
2:48 of 1st period - Shot Blocked by Mark Fistric.
3:07 of 1st period - Minor Penalty to Darren Reid for Goalie Interference.
3:08 of 1st period - Milan Lucic wins face-off versus John Tavares in Rangers zone.
5:07 of 1st period - Penalty to Darren Reid is over, Darren Reid is back on ice.
5:13 of 1st period - Matt Greene is hit by Shawn Matthias and loses puck.
5:31 of 1st period - Alexei Emelin is hit by Michal Handzus and loses puck.
5:44 of 1st period - Brian Lee is hit by Matt Read and loses puck.
6:24 of 1st period - Slapshot by Matt Read.
6:24 of 1st period - Shot Misses the Net.
6:26 of 1st period - Snap shot by Nick Foligno.
6:26 of 1st period - Shot Misses the Net.
6:28 of 1st period - Slapshot by Mark Fistric.
6:28 of 1st period - Shot Blocked by Raphael Diaz.
6:36 of 1st period - Minor Penalty to Daniel Cleary for Slashing.
6:37 of 1st period - Michal Handzus wins face-off versus Patrice Bergeron in Stars zone.
8:36 of 1st period - Penalty to Daniel Cleary is over, Daniel Cleary is back on ice.
9:09 of 1st period - Wrist shot by Shawn Matthias.
9:09 of 1st period - Shot Blocked by Staffan Kronwall.
9:22 of 1st period - Icing by Shaone Morrisonn.
9:23 of 1st period - Valtteri Filppula wins face-off versus Ryan Getzlaf in Stars zone.
9:32 of 1st period - Slapshot by Sean Couturier.
9:32 of 1st period - Shot Misses the Net.
9:46 of 1st period - Slapshot by Evgeny Artyukhin.
9:46 of 1st period - Stopped by Henrik Lundqvist without a rebound.
9:47 of 1st period - Mike Cammalleri wins face-off versus John Tavares in Rangers zone.
9:54 of 1st period - Snap shot by Michael Frolik.
9:54 of 1st period - Deflect By Scott Hartnell.
9:54 of 1st period - Stopped by Henrik Lundqvist with a rebound.
9:56 of 1st period - Slapshot by Brian Lee.
9:56 of 1st period - Shot Misses the Net.
10:05 of 1st period - Minor Penalty to Brian Lee for Tripping.
10:06 of 1st period - Patrice Bergeron wins face-off versus Michal Handzus in Stars zone.
10:13 of 1st period - Snap shot by Scott Hartnell.
10:13 of 1st period - Shot Blocked by Mark Fistric.
10:15 of 1st period - Slapshot by Andrei Markov.
10:15 of 1st period - Shot Blocked by Cam Barker.
10:17 of 1st period - Wrist shot by Scott Hartnell.
10:17 of 1st period - Stopped by Henrik Lundqvist with a rebound.
10:21 of 1st period - Slapshot by Michal Handzus.
10:21 of 1st period - Stopped by Henrik Lundqvist with a rebound.
10:56 of 1st period - Michal Handzus is hit by James Neal and loses puck.
12:05 of 1st period - Penalty to Brian Lee is over, Brian Lee is back on ice.
12:47 of 1st period - Slapshot by Michael Frolik.
12:47 of 1st period - Stopped by Henrik Lundqvist without a rebound.
12:48 of 1st period - John Tavares wins face-off versus Tomas Hertl in Rangers zone.
13:12 of 1st period - Cam Barker is hit by Daniel Cleary and loses puck.
13:25 of 1st period - Slapshot by Darren Reid.
13:25 of 1st period - Shot Blocked by Andrei Markov.
13:27 of 1st period - Wrist shot by Valtteri Filppula.
13:27 of 1st period - Stopped by Pascal Leclaire with a rebound.
13:29 of 1st period - Slapshot by Valtteri Filppula.
13:29 of 1st period - Shot Blocked by Andrei Markov.
13:31 of 1st period - Wrist shot by Mike Cammalleri.
13:31 of 1st period - Deflect By Valtteri Filppula.
13:31 of 1st period - Shot Misses the Net.
13:31 of 1st period - Puck is out of play.
13:32 of 1st period - Scott Hartnell wins face-off versus Patrice Bergeron in Stars zone.
14:10 of 1st period - Snap shot by Scott Hartnell.
14:10 of 1st period - Deflect By John Tavares.
14:10 of 1st period - Stopped by Henrik Lundqvist without a rebound.
14:11 of 1st period - Ryan Getzlaf wins face-off versus Milan Lucic in Rangers zone.
14:38 of 1st period - Darren Reid is hit by Shaone Morrisonn.
15:42 of 1st period - Slapshot by Michael Frolik.
15:42 of 1st period - Goal by Michael Frolik - Rangers : 0 - Stars : 1.
15:43 of 1st period - Patrice Bergeron wins face-off versus Michael Frolik in neutral zone.
16:02 of 1st period - Milan Lucic is hit by Michael Frolik and loses puck.
16:16 of 1st period - Icing by Raphael Diaz.
16:17 of 1st period - Valtteri Filppula wins face-off versus Ryan Getzlaf in Stars zone.
17:05 of 1st period - Cam Barker is hit by Ryan Getzlaf and loses puck.
17:16 of 1st period - Wrist shot by Jussi Jokinen.
17:16 of 1st period - Stopped by Henrik Lundqvist with a rebound.
17:18 of 1st period - Snap shot by Jussi Jokinen.
17:18 of 1st period - Stopped by Henrik Lundqvist with a rebound.
17:22 of 1st period - Wrist shot by Jussi Jokinen.
17:22 of 1st period - Deflect By Ryan Getzlaf.
17:22 of 1st period - Shot Misses the Net.
17:22 of 1st period - Puck is out of play.
17:23 of 1st period - John Tavares wins face-off versus Patrice Bergeron in Rangers zone.
17:26 of 1st period - Snap shot by John Tavares.
17:26 of 1st period - Shot Misses the Net.
17:38 of 1st period - Wrist shot by James Neal.
17:38 of 1st period - Shot Misses the Net.
17:48 of 1st period - Michael Frolik is hit by Mike Cammalleri and loses puck.
17:55 of 1st period - Matt Greene is hit by Johnny Oduya and loses puck.
18:10 of 1st period - Snap shot by Scott Hartnell.
18:10 of 1st period - Stopped by Henrik Lundqvist with a rebound.
18:12 of 1st period - Slapshot by Johnny Oduya.
18:12 of 1st period - Stopped by Henrik Lundqvist without a rebound.
18:13 of 1st period - Michal Handzus wins face-off versus Patrice Bergeron in Rangers zone.
18:29 of 1st period - Off-side.
18:30 of 1st period - Valtteri Filppula wins face-off versus Ryan Getzlaf in neutral zone.
18:35 of 1st period - Wrist shot by Valtteri Filppula.
18:35 of 1st period - Shot Blocked by Brian Lee.
18:42 of 1st period - Brian Lee is hit by Cam Barker and loses puck.
18:55 of 1st period - Valtteri Filppula is hit by Rickard Wallin and loses puck.
19:28 of 1st period - Wrist shot by Milan Lucic.
19:28 of 1st period - Stopped by Pascal Leclaire without a rebound.
19:29 of 1st period - Patrice Bergeron wins face-off versus Michal Handzus in Stars zone.
19:36 of 1st period - Wrist shot by James Neal.
19:36 of 1st period - Stopped by Pascal Leclaire with a rebound.
19:38 of 1st period - Slapshot by Matt Greene.
19:38 of 1st period - Stopped by Pascal Leclaire without a rebound.
19:39 of 1st period - Michal Handzus wins face-off versus Patrice Bergeron in Stars zone.
19:44 of 1st period - Slapshot by Brian Lee.
19:44 of 1st period - Deflect By Michal Handzus.
19:44 of 1st period - Shot Misses the Net.
19:44 of 1st period - Puck is out of play.
19:45 of 1st period - James Neal wins face-off versus John Tavares in Rangers zone.
Goals for this period are 0 for Rangers vs 1 for Stars.
Shots for this period are 7 for Rangers vs 12 for Stars.

2nd period


0:01 of 2nd period - John Tavares wins face-off versus Patrice Bergeron in neutral zone.
0:12 of 2nd period - Wrist shot by John Tavares.
0:12 of 2nd period - Stopped by Henrik Lundqvist with a rebound.
0:14 of 2nd period - Snap shot by John Tavares.
0:14 of 2nd period - Stopped by Henrik Lundqvist without a rebound.
0:15 of 2nd period - Patrice Bergeron wins face-off versus John Tavares in Rangers zone.
0:40 of 2nd period - Mark Fistric is hit by Johnny Oduya and loses puck.
1:07 of 2nd period - Snap shot by Matt Read.
1:07 of 2nd period - Deflect By Sean Couturier.
1:07 of 2nd period - Stopped by Pascal Leclaire with a rebound.
2:03 of 2nd period - Icing by John Tavares.
2:04 of 2nd period - John Tavares wins face-off versus Valtteri Filppula in Stars zone.
2:49 of 2nd period - Off-side.
2:50 of 2nd period - Rickard Wallin wins face-off versus Sean Couturier in neutral zone.
3:17 of 2nd period - Matt Greene is hit by Michael Frolik and loses puck.
3:40 of 2nd period - Slapshot by Dustin Penner.
3:40 of 2nd period - Stopped by Henrik Lundqvist with a rebound.
4:04 of 2nd period - Slapshot by James Neal.
4:04 of 2nd period - Shot Blocked by Ryan Getzlaf.
4:06 of 2nd period - Wrist shot by James Neal.
4:06 of 2nd period - Deflect By Patrice Bergeron.
4:06 of 2nd period - Shot Misses the Net.
4:06 of 2nd period - Puck is out of play.
4:07 of 2nd period - Valtteri Filppula wins face-off versus John Tavares in Stars zone.
4:11 of 2nd period - Penalty Shot by Michael Frolik for Stars.
4:11 of 2nd period - Wrist shot by Michael Frolik.
4:11 of 2nd period - Stopped by Henrik Lundqvist.
4:12 of 2nd period - John Tavares wins face-off versus Valtteri Filppula in Stars zone.
5:21 of 2nd period - Valtteri Filppula is hit by Johnny Oduya and loses puck.
5:26 of 2nd period - Snap shot by Daniel Cleary.
5:26 of 2nd period - Shot Misses the Net.
5:28 of 2nd period - Wrist shot by Trevor Daley.
5:28 of 2nd period - Stopped by Henrik Lundqvist with a rebound.
5:30 of 2nd period - Snap shot by Rickard Wallin.
5:30 of 2nd period - Shot Misses the Net.
5:40 of 2nd period - Slapshot by Milan Lucic.
5:40 of 2nd period - Deflect By Patrice Bergeron.
5:40 of 2nd period - Shot Misses the Net.
5:40 of 2nd period - Puck is out of play.
5:41 of 2nd period - Milan Lucic wins face-off versus John Tavares in Stars zone.
5:44 of 2nd period - Wrist shot by James Neal.
5:44 of 2nd period - Shot Blocked by John Tavares.
5:50 of 2nd period - Snap shot by Michael Frolik.
5:50 of 2nd period - Shot Misses the Net.
5:52 of 2nd period - Slapshot by Trevor Daley.
5:52 of 2nd period - Stopped by Henrik Lundqvist without a rebound.
5:53 of 2nd period - Valtteri Filppula wins face-off versus John Tavares in Rangers zone.
6:19 of 2nd period - Johnny Oduya is hit by James Neal and loses puck.
6:38 of 2nd period - Wrist shot by Daniel Cleary.
6:38 of 2nd period - Stopped by Henrik Lundqvist without a rebound.
6:39 of 2nd period - Sean Couturier wins face-off versus Rickard Wallin in Rangers zone.
6:48 of 2nd period - Daniel Cleary is hit by Matt Greene and loses puck.
6:55 of 2nd period - Slapshot by Rickard Wallin.
6:55 of 2nd period - Shot Misses the Net.
7:05 of 2nd period - Trevor Daley is hit by James Neal and loses puck.
7:12 of 2nd period - Backhand shot by James Neal.
7:12 of 2nd period - Deflect By Milan Lucic.
7:12 of 2nd period - Stopped by Pascal Leclaire with a rebound.
7:14 of 2nd period - Snap shot by James Neal.
7:14 of 2nd period - Shot Blocked by Andrei Markov.
7:16 of 2nd period - Wrist shot by Staffan Kronwall.
7:16 of 2nd period - Deflect By John Tavares.
7:16 of 2nd period - Stopped by Pascal Leclaire without a rebound.
7:17 of 2nd period - Valtteri Filppula wins face-off versus Ryan Getzlaf in Stars zone.
7:44 of 2nd period - Staffan Kronwall is hit by Scott Hartnell.
8:08 of 2nd period - Wrist shot by Michal Handzus.
8:08 of 2nd period - Stopped by Henrik Lundqvist with a rebound.
10:17 of 2nd period - Johnny Oduya is hit by Valtteri Filppula and loses puck.
10:57 of 2nd period - Wrist shot by Shawn Matthias.
10:57 of 2nd period - Deflect By James Neal.
10:57 of 2nd period - Shot Blocked by James Neal.
10:57 of 2nd period - Puck is out of play.
10:58 of 2nd period - Patrice Bergeron wins face-off versus Rickard Wallin in Rangers zone.
10:58 of 2nd period - Patrice Bergeron is hit by Daniel Cleary.
11:25 of 2nd period - Slapshot by Darren Reid.
11:25 of 2nd period - Shot Blocked by Shaone Morrisonn.
11:27 of 2nd period - Wrist shot by Mike Cammalleri.
11:27 of 2nd period - Shot Misses the Net.
11:29 of 2nd period - Wrist shot by Valtteri Filppula.
11:29 of 2nd period - Stopped by Pascal Leclaire without a rebound.
11:30 of 2nd period - John Tavares wins face-off versus Patrice Bergeron in Stars zone.
11:45 of 2nd period - Slapshot by John Tavares.
11:45 of 2nd period - Shot Misses the Net.
11:47 of 2nd period - Slapshot by Brian Lee.
11:47 of 2nd period - Stopped by Henrik Lundqvist with a rebound.
12:02 of 2nd period - Snap shot by Jussi Jokinen.
12:02 of 2nd period - Deflect By Evgeny Artyukhin.
12:02 of 2nd period - Shot Misses the Net.
12:02 of 2nd period - Puck is out of play.
12:03 of 2nd period - Ryan Getzlaf wins face-off versus Valtteri Filppula in Rangers zone.
12:48 of 2nd period - Shaone Morrisonn is hit by Nathan Gerbe and loses puck.
13:01 of 2nd period - Snap shot by Nathan Gerbe.
13:01 of 2nd period - Stopped by Pascal Leclaire without a rebound.
13:02 of 2nd period - Patrice Bergeron wins face-off versus John Tavares in Stars zone.
13:11 of 2nd period - Snap shot by Milan Lucic.
13:11 of 2nd period - Shot Blocked by Johnny Oduya.
13:13 of 2nd period - Slapshot by Ryan Suter.
13:13 of 2nd period - Shot Misses the Net.
13:58 of 2nd period - Minor Penalty to Trevor Daley for Roughing.
13:59 of 2nd period - Patrice Bergeron wins face-off versus Michal Handzus in Stars zone.
14:31 of 2nd period - Slapshot by Patrice Bergeron.
14:31 of 2nd period - Goal by Patrice Bergeron - Rangers : 1 - Stars : 1.
14:32 of 2nd period - Patrice Bergeron wins face-off versus John Tavares in neutral zone.
15:06 of 2nd period - Wrist shot by Darren Reid.
15:06 of 2nd period - Shot Blocked by Johnny Oduya.
15:24 of 2nd period - Sean Couturier is hit by Michal Handzus and loses puck.
15:42 of 2nd period - Minor Penalty to Shaone Morrisonn for Hooking.
15:43 of 2nd period - Michal Handzus wins face-off versus Patrice Bergeron in Stars zone.
16:08 of 2nd period - Brian Lee is hit by Cam Barker.
16:14 of 2nd period - Slapshot by Mike Cammalleri.
16:14 of 2nd period - Stopped by Pascal Leclaire with a rebound.
16:57 of 2nd period - Patrice Bergeron is hit by Andrei Markov and loses puck.
17:42 of 2nd period - Penalty to Shaone Morrisonn is over, Shaone Morrisonn is back on ice.
17:43 of 2nd period - Valtteri Filppula is hit by Andrei Markov and loses puck.
17:48 of 2nd period - Snap shot by John Tavares.
17:48 of 2nd period - Shot Misses the Net.
17:50 of 2nd period - Snap shot by Raphael Diaz.
17:50 of 2nd period - Shot Misses the Net.
18:00 of 2nd period - Wrist shot by John Tavares.
18:00 of 2nd period - Shot Misses the Net.
18:02 of 2nd period - Wrist shot by Shaone Morrisonn.
18:02 of 2nd period - Shot Blocked by Mark Fistric.
18:10 of 2nd period - Darren Reid is hit by Scott Hartnell and loses puck.
18:19 of 2nd period - Slapshot by John Tavares.
18:19 of 2nd period - Shot Misses the Net.
18:27 of 2nd period - Slapshot by Radim Vrbata.
18:27 of 2nd period - Shot Misses the Net.
18:37 of 2nd period - Slapshot by Scott Hartnell.
18:37 of 2nd period - Deflect By John Tavares.
18:37 of 2nd period - Shot Blocked by Mark Fistric.
18:37 of 2nd period - Puck is out of play.
18:38 of 2nd period - Ryan Getzlaf wins face-off versus Sean Couturier in Rangers zone.
18:51 of 2nd period - Snap shot by Nathan Gerbe.
18:51 of 2nd period - Stopped by Pascal Leclaire without a rebound.
18:52 of 2nd period - Ryan Getzlaf wins face-off versus Patrice Bergeron in Stars zone.
18:54 of 2nd period - Minor Penalty to Johnny Oduya for Tripping.
18:55 of 2nd period - Patrice Bergeron wins face-off versus Michal Handzus in Stars zone.
18:57 of 2nd period - Wrist shot by James Neal.
18:57 of 2nd period - Shot Blocked by Shaone Morrisonn.
19:05 of 2nd period - Snap shot by James Neal.
19:05 of 2nd period - Shot Blocked by Scott Hartnell.
19:07 of 2nd period - Slapshot by Matt Greene.
19:07 of 2nd period - Stopped by Pascal Leclaire with a rebound.
19:09 of 2nd period - Wrist shot by Milan Lucic.
19:09 of 2nd period - Shot Misses the Net.
19:11 of 2nd period - Wrist shot by Milan Lucic.
19:11 of 2nd period - Shot Misses the Net.
Goals for this period are 1 for Rangers vs 0 for Stars.
Shots for this period are 9 for Rangers vs 8 for Stars.

3rd period


0:01 of 3rd period - Michal Handzus wins face-off versus Patrice Bergeron in neutral zone.
0:54 of 3rd period - Penalty to Johnny Oduya is over, Johnny Oduya is back on ice.
1:44 of 3rd period - Wrist shot by John Tavares.
1:44 of 3rd period - Shot Misses the Net.
2:16 of 3rd period - Milan Lucic is hit by Daniel Cleary and loses puck.
2:35 of 3rd period - Michael Frolik is hit by Darren Reid and loses puck.
2:57 of 3rd period - Matt Greene is hit by Jussi Jokinen and loses puck.
3:12 of 3rd period - Radim Vrbata is hit by James Neal and loses puck.
3:19 of 3rd period - Snap shot by Michal Handzus.
3:19 of 3rd period - Stopped by Henrik Lundqvist with a rebound.
4:28 of 3rd period - Wrist shot by Matt Read.
4:28 of 3rd period - Shot Misses the Net.
4:50 of 3rd period - James Neal is hit by Radim Vrbata and loses puck.
5:19 of 3rd period - Darren Reid is hit by Shaone Morrisonn and loses puck.
5:38 of 3rd period - Minor Penalty to Nathan Gerbe for Slashing.
5:39 of 3rd period - Patrice Bergeron wins face-off versus John Tavares in Rangers zone.
5:57 of 3rd period - Off-side.
5:58 of 3rd period - Ryan Getzlaf wins face-off versus Sean Couturier in neutral zone.
6:05 of 3rd period - Snap shot by Ryan Getzlaf.
6:05 of 3rd period - Shot Misses the Net.
6:11 of 3rd period - Snap shot by Evgeny Artyukhin.
6:11 of 3rd period - Shot Misses the Net.
6:33 of 3rd period - Wrist shot by Trevor Daley.
6:33 of 3rd period - Shot Blocked by Cam Barker.
7:38 of 3rd period - Penalty to Nathan Gerbe is over, Nathan Gerbe is back on ice.
7:50 of 3rd period - Slapshot by Mark Fistric.
7:50 of 3rd period - Stopped by Pascal Leclaire with a rebound.
7:52 of 3rd period - Snap shot by Mark Fistric.
7:52 of 3rd period - Shot Misses the Net.
7:54 of 3rd period - Snap shot by Sean Couturier.
7:54 of 3rd period - Stopped by Pascal Leclaire without a rebound.
7:55 of 3rd period - Michal Handzus wins face-off versus Tomas Hertl in Stars zone.
8:48 of 3rd period - Matt Greene is hit by Jussi Jokinen and loses puck.
9:03 of 3rd period - Snap shot by John Tavares.
9:03 of 3rd period - Stopped by Henrik Lundqvist with a rebound.
9:05 of 3rd period - Wrist shot by Scott Hartnell.
9:05 of 3rd period - Shot Misses the Net.
9:07 of 3rd period - Backhand shot by Scott Hartnell.
9:07 of 3rd period - Shot Misses the Net.
9:09 of 3rd period - Slapshot by John Tavares.
9:09 of 3rd period - Stopped by Henrik Lundqvist without a rebound.
9:10 of 3rd period - Patrice Bergeron wins face-off versus Scott Hartnell in Rangers zone.
9:17 of 3rd period - Wrist shot by Mark Fistric.
9:17 of 3rd period - Stopped by Pascal Leclaire without a rebound.
9:18 of 3rd period - Patrice Bergeron wins face-off versus John Tavares in Stars zone.
9:23 of 3rd period - Milan Lucic is hit by John Tavares and loses puck.
9:27 of 3rd period - Icing by Milan Lucic.
9:28 of 3rd period - John Tavares wins face-off versus James Neal in Rangers zone.
9:36 of 3rd period - Minor Penalty to James Neal for Tripping.
9:37 of 3rd period - John Tavares wins face-off versus Milan Lucic in Rangers zone.
9:45 of 3rd period - Snap shot by John Tavares.
9:45 of 3rd period - Deflect By Michael Frolik.
9:45 of 3rd period - Shot Blocked by Mark Fistric.
9:45 of 3rd period - Puck is out of play.
9:46 of 3rd period - Milan Lucic wins face-off versus John Tavares in Rangers zone.
9:46 of 3rd period - Milan Lucic is hit by Michael Frolik.
10:14 of 3rd period - Cam Barker is hit by Jussi Jokinen and loses puck.
10:19 of 3rd period - Snap shot by John Tavares.
10:19 of 3rd period - Stopped by Henrik Lundqvist with a rebound.
10:21 of 3rd period - Wrist shot by Michael Frolik.
10:21 of 3rd period - Goal by Michael Frolik - Rangers : 1 - Stars : 2.
10:22 of 3rd period - Michal Handzus wins face-off versus Valtteri Filppula in neutral zone.
10:47 of 3rd period - Mark Fistric is hit by Johnny Oduya and loses puck.
10:52 of 3rd period - Snap shot by John Tavares.
10:52 of 3rd period - Stopped by Henrik Lundqvist without a rebound.
10:53 of 3rd period - John Tavares wins face-off versus Patrice Bergeron in Rangers zone.
11:08 of 3rd period - Snap shot by Milan Lucic.
11:08 of 3rd period - Shot Blocked by Andrei Markov.
11:18 of 3rd period - Scott Hartnell is hit by Nathan Gerbe and loses puck.
11:24 of 3rd period - Off-side.
11:25 of 3rd period - Ryan Getzlaf wins face-off versus Sean Couturier in neutral zone.
11:38 of 3rd period - Snap shot by Evgeny Artyukhin.
11:38 of 3rd period - Deflect By Ryan Getzlaf.
11:38 of 3rd period - Stopped by Henrik Lundqvist with a rebound.
11:40 of 3rd period - Snap shot by Ryan Getzlaf.
11:40 of 3rd period - Shot Blocked by Mark Fistric.
12:15 of 3rd period - Minor Penalty to Michael Frolik for Roughing.
12:16 of 3rd period - Patrice Bergeron wins face-off versus Michal Handzus in Stars zone.
12:20 of 3rd period - Backhand shot by James Neal.
12:20 of 3rd period - Stopped by Pascal Leclaire with a rebound.
12:22 of 3rd period - Wrist shot by Patrice Bergeron.
12:22 of 3rd period - Stopped by Pascal Leclaire with a rebound.
12:24 of 3rd period - Slapshot by Milan Lucic.
12:24 of 3rd period - Shot Misses the Net.
12:32 of 3rd period - Snap shot by James Neal.
12:32 of 3rd period - Stopped by Pascal Leclaire with a rebound.
14:15 of 3rd period - Penalty to Michael Frolik is over, Michael Frolik is back on ice.
14:36 of 3rd period - Slapshot by Alexei Emelin.
14:36 of 3rd period - Stopped by Pascal Leclaire with a rebound.
14:38 of 3rd period - Wrist shot by Nathan Gerbe.
14:38 of 3rd period - Stopped by Pascal Leclaire with a rebound.
15:04 of 3rd period - Minor Penalty to Trevor Daley for Hooking.
15:05 of 3rd period - Michal Handzus wins face-off versus Patrice Bergeron in Stars zone.
15:17 of 3rd period - Snap shot by Milan Lucic.
15:17 of 3rd period - Shot Misses the Net.
17:04 of 3rd period - Penalty to Trevor Daley is over, Trevor Daley is back on ice.
17:16 of 3rd period - Slapshot by Nathan Gerbe.
17:16 of 3rd period - Shot Misses the Net.
17:18 of 3rd period - Slapshot by Staffan Kronwall.
17:18 of 3rd period - Shot Misses the Net.
17:20 of 3rd period - Slapshot by Nathan Gerbe.
17:20 of 3rd period - Goal by Nathan Gerbe - Rangers : 2 - Stars : 2.
17:21 of 3rd period - Michal Handzus wins face-off versus Sean Couturier in neutral zone.
17:23 of 3rd period - Brian Lee is hit by Sean Couturier and loses puck.
17:38 of 3rd period - Snap shot by Dustin Penner.
17:38 of 3rd period - Shot Misses the Net.
18:02 of 3rd period - Brian Lee is hit by Nick Foligno and loses puck.
18:15 of 3rd period - Wrist shot by Jussi Jokinen.
18:15 of 3rd period - Stopped by Henrik Lundqvist without a rebound.
18:16 of 3rd period - Ryan Getzlaf wins face-off versus Sean Couturier in Rangers zone.
19:02 of 3rd period - Snap shot by Mike Cammalleri.
19:02 of 3rd period - Shot Misses the Net.
19:04 of 3rd period - Wrist shot by Mike Cammalleri.
19:04 of 3rd period - Deflect By Darren Reid.
19:04 of 3rd period - Stopped by Pascal Leclaire with a rebound.
19:06 of 3rd period - Slapshot by Valtteri Filppula.
19:06 of 3rd period - Stopped by Pascal Leclaire without a rebound.
19:07 of 3rd period - Valtteri Filppula wins face-off versus Rickard Wallin in Stars zone.
19:32 of 3rd period - Valtteri Filppula is hit by Jussi Jokinen and loses puck.
19:36 of 3rd period - Icing by Mike Cammalleri.
19:37 of 3rd period - Michal Handzus wins face-off versus Valtteri Filppula in Rangers zone.
19:38 of 3rd period - Slapshot by Dustin Penner.
19:38 of 3rd period - Stopped by Henrik Lundqvist with a rebound.
Goals for this period are 1 for Rangers vs 1 for Stars.
Shots for this period are 11 for Rangers vs 9 for Stars.

Overtime #1


0:01 of 1st overtime period - Trevor Daley wins face-off versus Milan Lucic in neutral zone.
0:14 of 1st overtime period - Wrist shot by Scott Hartnell.
0:14 of 1st overtime period - Stopped by Henrik Lundqvist with a rebound.
0:20 of 1st overtime period - Johnny Oduya is hit by Patrice Bergeron and loses puck.
0:56 of 1st overtime period - Wrist shot by James Neal.
0:56 of 1st overtime period - Stopped by Pascal Leclaire with a rebound.
1:06 of 1st overtime period - Ryan Suter is hit by Andrei Markov and loses puck.
1:13 of 1st overtime period - Andrei Markov is hit by Ryan Suter and loses puck.
2:57 of 1st overtime period - Michael Frolik is hit by Patrice Bergeron and loses puck.
3:21 of 1st overtime period - Icing by Dustin Penner.
3:22 of 1st overtime period - John Tavares wins face-off versus Sean Couturier in Stars zone.
3:51 of 1st overtime period - Wrist shot by Matt Greene.
3:51 of 1st overtime period - Shot Blocked by Johnny Oduya.
3:53 of 1st overtime period - Slapshot by Matt Greene.
3:53 of 1st overtime period - Shot Blocked by Brian Lee.
3:55 of 1st overtime period - Slapshot by Ryan Suter.
3:55 of 1st overtime period - Shot Blocked by Johnny Oduya.
4:21 of 1st overtime period - Matt Greene is hit by Andrei Markov and loses puck.
4:44 of 1st overtime period - Raphael Diaz is hit by Mike Cammalleri and loses puck.
Goals for this period are 0 for Rangers vs 0 for Stars.
Shots for this period are 1 for Rangers vs 1 for Stars.

ShootOut


5:00 of 1st overtime period - Penalty Shot by Milan Lucic for Rangers.
5:00 of 1st overtime period - Backhand shot by Milan Lucic.
5:00 of 1st overtime period - Stopped by Pascal Leclaire.
5:00 of 1st overtime period - Penalty Shot by John Tavares for Stars.
5:00 of 1st overtime period - Wrist shot by John Tavares.
5:00 of 1st overtime period - Goal by John Tavares.
5:00 of 1st overtime period - Penalty Shot by Patrice Bergeron for Rangers.
5:00 of 1st overtime period - Wrist shot by Patrice Bergeron.
5:00 of 1st overtime period - Stopped by Pascal Leclaire.
5:00 of 1st overtime period - Penalty Shot by Radim Vrbata for Stars.
5:00 of 1st overtime period - Wrist shot by Radim Vrbata.
5:00 of 1st overtime period - Goal by Radim Vrbata.